| TOP OF THE 1ST |
|
Savannah Swamp Foxes batting - Pitching for Columbus Clippers : LHP Glendon Rusch
|
|
Pitching: LHP Glendon Rusch
|
|
|
Batting: LHB Tony Longmire
|
0-0: Called Strike 0-1: Fly out, F9 (Flyball, 9S, EV 91.3 MPH)
|
|
Batting: SHB Jason Hardtke
|
0-0: Called Strike 0-1: Ball 1-1: Ball 2-1: Ground out 5-3 (Groundball, 56, EV 86.9 MPH)
|
|
Batting: RHB Jimmy Hurst
|
0-0: Ground out 1-3 (Groundball, 13S, EV 68.8 MPH)
|
| Top of the 1st over - 0 runs, 0 hits, 0 errors, 0 left on base; Savannah 0 - Columbus 0 |
| BOTTOM OF THE 1ST |
|
Columbus Clippers batting - Pitching for Savannah Swamp Foxes : RHP Jason Dickson
|
|
Pitching: RHP Jason Dickson
|
|
|
Batting: LHB Kenjiro Nomura
|
0-0: Ball 1-0: Foul Ball, location: 2F 1-1: Foul Ball, location: 2F 1-2: Ground out 4-3 (Groundball, 4, EV 78.8 MPH)
|
|
Batting: RHB Carlos Garcia
|
0-0: Called Strike 0-1: Swinging Strike 0-2: Ball 1-2: Foul Ball, location: 2F 1-2: Strikes out looking
|
|
Batting: RHB Bubba Trammell
|
0-0: Ball 1-0: Called Strike 1-1: Ball 2-1: Ball 3-1: Fly out, F9 (Flyball, 9LD, EV 92.5 MPH)
|
| Bottom of the 1st over - 0 runs, 0 hits, 0 errors, 0 left on base; Savannah 0 - Columbus 0 |
| TOP OF THE 2ND |
|
Savannah Swamp Foxes batting - Pitching for Columbus Clippers : LHP Glendon Rusch
|
|
Batting: RHB Jeff Berblinger
|
0-0: Ball 1-0: Foul Ball, location: 2F 1-1: SINGLE (Flyball, 8LS, EV 92.5 MPH)
|
|
Batting: RHB Izzy Molina
|
0-0: Ball 1-0: Foul Ball, location: 2F 1-1: SINGLE (Groundball, 34D, EV 96.9 MPH) Jeff Berblinger to second Runner from 2nd tries for 3rd, SAFE, throw by RF made to third
|
|
Batting: LHB Jacob Cruz
|
0-0: Called Strike 0-1: DOUBLE (Flyball, 89D, EV 103.1 MPH) Jeff Berblinger scores Izzy Molina to third
|
|
Batting: LHB Jack Howell
|
0-0: Ball 1-0: Ball 2-0: Foul Ball, location: 2F 2-1: Called Strike 2-2: Foul Ball, location: 2F 2-2: Foul Ball, location: 2F 2-2: Foul Ball, location: 2F 2-2: Foul Ball, location: 2F 2-2: Strikes out swinging
|
|
Batting: RHB Masahiro Kawai
|
0-0: Called Strike 0-1: Ball 1-1: Ball 2-1: Ball 3-1: Foul Ball, location: 2F 3-2: Fly out, F8 (Flyball, 89M, EV 91.9 MPH) Runner from 3rd tags up, SCORES, throw by CF Jacob Cruz to third
|
|
Batting: LHB Koji Goto
|
0-0: Fly out, F8 (Flyball, 8LD, EV 96.3 MPH)
|
| Top of the 2nd over - 2 runs, 3 hits, 0 errors, 1 left on base; Savannah 2 - Columbus 0 |
| BOTTOM OF THE 2ND |
|
Columbus Clippers batting - Pitching for Savannah Swamp Foxes : RHP Jason Dickson
|
|
Batting: RHB Derrek Lee
|
0-0: Fly out, F7 (Flyball, 7LM, EV 94.4 MPH)
|
|
Batting: RHB Wendell Magee
|
0-0: Ball 1-0: Called Strike 1-1: Ball 2-1: Foul Ball, location: 2F 2-2: DOUBLE (Line Drive, 3D, EV 103.8 MPH)
|
|
Batting: RHB Kevin Orie
|
0-0: Called Strike 0-1: Foul Ball, location: 2F 0-2: Ball 1-2: Foul Ball, location: 2F 1-2: Ball 2-2: SINGLE (Line Drive, 78S, EV 110.0 MPH) Wendell Magee to third
|
|
Batting: RHB Tilson Brito
|
0-0: Called Strike 0-1: Ground out 6-3 (Groundball, 6, EV 88.1 MPH) Wendell Magee scores Kevin Orie to second
|
|
Batting: RHB Miguel Mejia
|
0-0: Called Strike 0-1: Fly out, F7 (Flyball, 7LDF, EV 99.4 MPH)
|
| Bottom of the 2nd over - 1 run, 2 hits, 0 errors, 1 left on base; Savannah 2 - Columbus 1 |
| TOP OF THE 3RD |
|
Savannah Swamp Foxes batting - Pitching for Columbus Clippers : LHP Glendon Rusch
|
|
Batting: LHB Tony Longmire
|
0-0: Foul Ball, location: 2F 0-1: Ball 1-1: Ball 2-1: Foul Ball, location: 2F 2-2: Strikes out swinging
|
|
Batting: SHB Jason Hardtke
|
0-0: Ball 1-0: Ball 2-0: Called Strike 2-1: Foul Ball, location: 2F 2-2: Foul Ball, location: 2F 2-2: Foul Ball, location: 2F 2-2: Strikes out swinging
|
|
Batting: RHB Jimmy Hurst
|
0-0: Foul Ball, location: 2F 0-1: Ball 1-1: Swinging Strike 1-2: Strikes out looking
|
| Top of the 3rd over - 0 runs, 0 hits, 0 errors, 0 left on base; Savannah 2 - Columbus 1 |
| BOTTOM OF THE 3RD |
|
Columbus Clippers batting - Pitching for Savannah Swamp Foxes : RHP Jason Dickson
|
|
Batting: RHB Alberto T Castillo
|
0-0: Called Strike 0-1: Ball 1-1: Swinging Strike 1-2: Strikes out swinging
|
|
Batting: LHB Kenjiro Nomura
|
0-0: Foul Ball, location: 2F 0-1: Ground out U3 (Groundball, 3, EV 89.4 MPH)
|
|
Batting: RHB Carlos Garcia
|
0-0: Called Strike 0-1: Ground out 6-3 (Groundball, 56, EV 80.6 MPH)
|
| Bottom of the 3rd over - 0 runs, 0 hits, 0 errors, 0 left on base; Savannah 2 - Columbus 1 |
| TOP OF THE 4TH |
|
Savannah Swamp Foxes batting - Pitching for Columbus Clippers : LHP Glendon Rusch
|
|
Batting: RHB Jeff Berblinger
|
0-0: Ball 1-0: Foul Ball, location: 2F 1-1: Ball 2-1: Foul Ball, location: 2F 2-2: Ball 3-2: Strikes out swinging
|
|
Batting: RHB Izzy Molina
|
0-0: Called Strike 0-1: Foul Ball, location: 2F 0-2: Ball 1-2: Strikes out looking
|
|
Batting: LHB Jacob Cruz
|
0-0: Foul Ball, location: 2F 0-1: Called Strike 0-2: Ball 1-2: Hit by Pitch
|
|
Batting: LHB Jack Howell
|
0-0: Called Strike 0-1: SINGLE (Groundball, 6MD, EV 96.3 MPH) Jacob Cruz to second
|
|
Batting: RHB Masahiro Kawai
|
0-0: TRIPLE (Flyball, 89XD, EV 95.6 MPH) Jacob Cruz scores Jack Howell scores
|
|
Batting: LHB Koji Goto
|
0-0: Ball 1-0: Swinging Strike 1-1: Foul Ball, location: 2F 1-2: Ground out U3 (Groundball, 3, EV 97.5 MPH)
|
| Top of the 4th over - 2 runs, 2 hits, 0 errors, 1 left on base; Savannah 4 - Columbus 1 |
| BOTTOM OF THE 4TH |
|
Columbus Clippers batting - Pitching for Savannah Swamp Foxes : RHP Jason Dickson
|
|
Batting: RHB Bubba Trammell
|
0-0: Ball 1-0: Ball 2-0: Called Strike 2-1: Foul Ball, location: 2F 2-2: Foul Ball, location: 2F 2-2: Strikes out looking
|
|
Batting: RHB Derrek Lee
|
0-0: SOLO HOME RUN (Flyball, 7D, EV 92.5 MPH), Distance : 406 ft
|
|
Batting: RHB Wendell Magee
|
0-0: DOUBLE (Flyball, 8RXD, EV 90.0 MPH)
|
|
Batting: RHB Kevin Orie
|
0-0: Called Strike 0-1: Ball 1-1: Ball 2-1: Ball 3-1: Called Strike 3-2: Foul Ball, location: 2F 3-2: Fly out, F6 (Line Drive, 6, EV 76.3 MPH)
|
|
Batting: RHB Tilson Brito
|
0-0: Called Strike 0-1: Ground out 5-3 (Groundball, 56, EV 77.5 MPH)
|
| Bottom of the 4th over - 1 run, 2 hits, 0 errors, 1 left on base; Savannah 4 - Columbus 2 |
| TOP OF THE 5TH |
|
Savannah Swamp Foxes batting - Pitching for Columbus Clippers : LHP Glendon Rusch
|
|
Batting: LHB Tony Longmire
|
0-0: SINGLE (Groundball, 4MD, EV 100.0 MPH)
|
|
Batting: SHB Jason Hardtke
|
0-0: Foul Ball, location: 2F 0-1: Foul Ball, location: 2F 0-2: Strikes out looking
|
|
Batting: RHB Jimmy Hurst
|
0-0: Ball 1-0: Ball 2-0: Ball 3-0: Called Strike 3-1: Base on Balls Tony Longmire to second
|
|
Batting: RHB Jeff Berblinger
|
0-0: Called Strike 0-1: SINGLE (Groundball, 34D, EV 101.3 MPH) Tony Longmire to third Jimmy Hurst to second
|
|
Batting: RHB Izzy Molina
|
0-0: Called Strike 0-1: Ground out 5-3 (Groundball, 56S, EV 69.4 MPH) Tony Longmire scores Jimmy Hurst to third Jeff Berblinger to second
|
|
Batting: LHB Jacob Cruz
|
0-0: Called Strike 0-1: Called Strike 0-2: Strikes out swinging
|
| Top of the 5th over - 1 run, 2 hits, 0 errors, 2 left on base; Savannah 5 - Columbus 2 |
| BOTTOM OF THE 5TH |
|
Columbus Clippers batting - Pitching for Savannah Swamp Foxes : RHP Jason Dickson
|
|
Batting: RHB Miguel Mejia
|
0-0: Ball 1-0: Bunt missed! 1-1: Swinging Strike 1-2: Fly out, F8 (Flyball, 8RS, EV 92.5 MPH)
|
|
Batting: RHB Alberto T Castillo
|
0-0: Called Strike 0-1: Ground out 6-3 (Groundball, 6, EV 82.5 MPH)
|
|
Batting: LHB Kenjiro Nomura
|
0-0: Foul Ball, location: 2F 0-1: Ball 1-1: Called Strike 1-2: Strikes out swinging
|
| Bottom of the 5th over - 0 runs, 0 hits, 0 errors, 0 left on base; Savannah 5 - Columbus 2 |
| TOP OF THE 6TH |
|
Savannah Swamp Foxes batting - Pitching for Columbus Clippers : LHP Glendon Rusch
|
|
Pitching: RHP Marc Wilkins
|
|
|
Batting: LHB Jack Howell
|
0-0: Bunt for hit to 5S - play at first, batter OUT! 5-3
|
|
Batting: RHB Masahiro Kawai
|
0-0: Fly out, F8 (Flyball, 8LS, EV 83.8 MPH)
|
|
Batting: LHB Koji Goto
|
0-0: Foul Ball, location: 2F 0-1: Ball 1-1: Foul Ball, location: 2F 1-2: Strikes out swinging
|
| Top of the 6th over - 0 runs, 0 hits, 0 errors, 0 left on base; Savannah 5 - Columbus 2 |
| BOTTOM OF THE 6TH |
|
Columbus Clippers batting - Pitching for Savannah Swamp Foxes : RHP Jason Dickson
|
|
Batting: RHB Carlos Garcia
|
0-0: Called Strike 0-1: Called Strike 0-2: SINGLE (Line Drive, 89S, EV 107.5 MPH)
|
|
Batting: RHB Bubba Trammell
|
0-0: Swinging Strike 0-1: Ball 1-1: Foul Ball, location: 2F 1-2: Fly out, F7 (Flyball, 7S, EV 95.0 MPH)
|
|
Batting: RHB Derrek Lee
|
0-0: Fly out, F4 (Flyball, 3D, EV 81.3 MPH)
|
|
Batting: RHB Wendell Magee
|
0-0: SINGLE (Flyball, 89S, EV 93.1 MPH) Carlos Garcia to second Runner from 2nd tries for 3rd, SAFE, throw by RF made to third
|
|
Batting: RHB Kevin Orie
|
0-0: Swinging Strike 0-1: Called Strike 0-2: Strikes out swinging
|
| Bottom of the 6th over - 0 runs, 2 hits, 0 errors, 2 left on base; Savannah 5 - Columbus 2 |
| TOP OF THE 7TH |
|
Savannah Swamp Foxes batting - Pitching for Columbus Clippers : RHP Marc Wilkins
|
|
Batting: LHB Tony Longmire
|
0-0: DOUBLE (Line Drive, 78D, EV 107.5 MPH)
|
|
Batting: SHB Jason Hardtke
|
0-0: Ball 1-0: Called Strike 1-1: TRIPLE (Flyball, 7LD, EV 93.1 MPH) Tony Longmire scores
|
|
Batting: RHB Jimmy Hurst
|
0-0: Foul Ball, location: 2F 0-1: Called Strike 0-2: Strikes out swinging
|
|
Batting: RHB Jeff Berblinger
|
0-0: Ball 1-0: Foul Ball, location: 2F 1-1: Foul Ball, location: 2F 1-2: Strikes out swinging
|
|
Batting: RHB Izzy Molina
|
0-0: Ball Wild Pitch! Jason Hardtke scores 1-0: Called Strike 1-1: Ball 2-1: Fly out, F6 (Popup, 6D, EV 55.6 MPH)
|
| Top of the 7th over - 2 runs, 2 hits, 0 errors, 0 left on base; Savannah 7 - Columbus 2 |
| BOTTOM OF THE 7TH |
|
Columbus Clippers batting - Pitching for Savannah Swamp Foxes : RHP Jason Dickson
|
|
Batting: RHB Tilson Brito
|
0-0: Ball 1-0: Ball 2-0: Called Strike 2-1: Foul Ball, location: 2F 2-2: Foul Ball, location: 2F 2-2: Ball 3-2: Ground out U3 (Groundball, 3, EV 88.1 MPH)
|
|
Batting: RHB Miguel Mejia
|
0-0: Hit by Pitch
|
|
Batting: RHB Alberto T Castillo
|
0-0: Foul Ball, location: 2F 0-1: Ball 1-1: Ball 2-1: DOUBLE (Line Drive, 9LS, EV 96.3 MPH) Miguel Mejia to third Runner from 3rd tries for Home, SAFE, no throw by RF
|
|
Batting: LHB Kenjiro Nomura
|
0-0: Foul Ball, location: 2F 0-1: Ball 1-1: Foul Ball, location: 2F 1-2: Foul Ball, location: 2F 1-2: Ball 2-2: Strikes out looking
|
|
Batting: RHB Carlos Garcia
|
0-0: Called Strike 0-1: Swinging Strike 0-2: Foul Ball, location: 2F 0-2: Foul Ball, location: 2F 0-2: Fly out, F9 (Flyball, 9S, EV 78.1 MPH)
|
| Bottom of the 7th over - 1 run, 1 hit, 0 errors, 1 left on base; Savannah 7 - Columbus 3 |
| TOP OF THE 8TH |
|
Savannah Swamp Foxes batting - Pitching for Columbus Clippers : RHP Marc Wilkins
|
|
Batting: LHB Jacob Cruz
|
0-0: Called Strike 0-1: Ball 1-1: Called Strike 1-2: Ball 2-2: Ball 3-2: Base on Balls
|
|
Pitching: RHP Chris Brock
|
|
|
Batting: LHB Jack Howell
|
0-0: Ball 1-0: Bunted foul 1-1: Ball 2-1: Ball 3-1: Ball Jacob Cruz to second
|
|
Batting: RHB Masahiro Kawai
|
0-0: Sac Bunt to 13 - play at first, batter OUT! 1-3 Jacob Cruz to third Jack Howell to second
|
|
Batting: LHB Koji Goto
|
0-0: Called Strike 0-1: Called Strike 0-2: SINGLE (Flyball, 7S, EV 96.9 MPH) Jacob Cruz scores Jack Howell to third Runner from 3rd tries for Home, SAFE, no throw by LF
|
|
Batting: LHB Tony Longmire
|
0-0: Foul Ball, location: 2F 0-1: Swinging Strike 0-2: Strikes out swinging
|
|
Batting: SHB Jason Hardtke
|
0-0: Ball 1-0: Foul Ball, location: 2F 1-1: Foul Ball, location: 2F 1-2: Ball 2-2: Ball 3-2: Base on Balls Koji Goto to second
|
|
Batting: RHB Jimmy Hurst
|
0-0: Ball 1-0: Ball 2-0: Ball 3-0: Called Strike 3-1: Swinging Strike 3-2: Foul Ball, location: 2F 3-2: Base on Balls Koji Goto to third Jason Hardtke to second
|
|
Batting: RHB Jeff Berblinger
|
0-0: Ball 1-0: Fly out, F7 (Line Drive, 7D, EV 90.6 MPH)
|
| Top of the 8th over - 2 runs, 1 hit, 0 errors, 3 left on base; Savannah 9 - Columbus 3 |
| BOTTOM OF THE 8TH |
|
Columbus Clippers batting - Pitching for Savannah Swamp Foxes : RHP Jason Dickson
|
|
Batting: RHB Bubba Trammell
|
0-0: Ball 1-0: Foul Ball, location: 2F 1-1: Ball 2-1: Ground out 6-3 (Groundball, 6S, EV 90.0 MPH)
|
|
Batting: RHB Derrek Lee
|
0-0: Ball 1-0: Swinging Strike 1-1: Foul Ball, location: 2F 1-2: Strikes out swinging
|
|
Batting: RHB Wendell Magee
|
0-0: SINGLE (Groundball, 6MD, EV 103.1 MPH)
|
|
Batting: RHB Kevin Orie
|
0-0: Ball 1-0: Foul Ball, location: 2F 1-1: Ball 2-1: Foul Ball, location: 2F 2-2: Fielders Choice at 2nd, 6-4 (Groundball, 6, EV 106.9 MPH)
|
| Bottom of the 8th over - 0 runs, 1 hit, 0 errors, 1 left on base; Savannah 9 - Columbus 3 |
| TOP OF THE 9TH |
|
Savannah Swamp Foxes batting - Pitching for Columbus Clippers : RHP Chris Brock
|
|
Batting: RHB Izzy Molina
|
0-0: Called Strike 0-1: Called Strike 0-2: Foul Ball, location: 2F 0-2: Ground out 6-3 (Groundball, 6S, EV 68.8 MPH)
|
|
Batting: LHB Jacob Cruz
|
0-0: Fly out, F7 (Flyball, 7LS, EV 92.5 MPH)
|
|
Batting: LHB Jack Howell
|
0-0: Called Strike 0-1: DOUBLE (Line Drive, 89XD, EV 103.8 MPH)
|
|
Batting: RHB Masahiro Kawai
|
0-0: Foul Ball, location: 2F 0-1: Ball 1-1: Swinging Strike 1-2: Fly out, F7 (Flyball, 7S, EV 77.5 MPH)
|
| Top of the 9th over - 0 runs, 1 hit, 0 errors, 1 left on base; Savannah 9 - Columbus 3 |
| BOTTOM OF THE 9TH |
|
Columbus Clippers batting - Pitching for Savannah Swamp Foxes : RHP Jason Dickson
|
|
Batting: RHB Tilson Brito
|
0-0: Ball 1-0: Called Strike 1-1: Fly out, F6 (Flyball, 56D, EV 90.6 MPH)
|
|
Batting: RHB Miguel Mejia
|
0-0: Ground out 6-3 (Groundball, 6, EV 91.9 MPH)
|
|
Batting: RHB Alberto T Castillo
|
0-0: Ball 1-0: Called Strike 1-1: Ground out 6-3 (Groundball, 56, EV 104.4 MPH)
|
| Bottom of the 9th over - 0 runs, 0 hits, 0 errors, 0 left on base; Savannah 9 - Columbus 3 |
|